 Dungeon Crawl Stone Soup version 0.30.0-10-gfe55d96785 (webtiles) character file.

Game seed: 3270972934725669001

39 sokol815 the Shooter (level 3, -10/21 HPs)
             Began as a Kobold Hunter on May 15, 2023.
             Mangled by Terence
             ... wielding a +3 heavy mace
              (13 damage)
             ... on level 2 of the Dungeon.
             The game lasted 00:02:24 (874 turns).

sokol815 the Shooter (Kobold Hunter)                 Turns: 874, Time: 00:02:25

Health: -10/21     AC:  3    Str:  8    XL:     3   Next: 70%
Magic:  3/3        EV: 14    Int: 10    God:
Gold:   77         SH:  0    Dex: 20    Spells: 2/2 levels left

rFire   . . .        b - +0 shortbow
rCold   . . .        (shield currently unavailable)
rNeg    . . .        c - +0 leather armour
rPois   .            (no helmet)
rElec   .            (no cloak)
rCorr   .            (no gloves)
SInv    .            (no boots)
Will    .....        (no amulet)
Stlth   +++          (no ring)
HPRegen 0.23/turn    (no ring)
MPRegen 0.08/turn

%: no passive effects
@: no status effects
A: small, no large weapons, nightstalker 3
a: no special abilities


You were on level 2 of the Dungeon.
You visited 1 branch of the dungeon, and saw 2 of its levels.

You collected 77 gold pieces.

Inventory:

Hand Weapons
 a - a +0 dagger
 b - a +0 shortbow (weapon)
Armour
 c - a +0 leather armour (worn)
Scrolls
 d - a scroll of identify {unknown}
 h - a scroll of immolation
Potions
 e - a potion of brilliance {unknown}
 f - a potion of ambrosia {unknown}


   Skills:
 + Level 2.3 Fighting
 * Level 0.5 Short Blades
 - Level 6.7 Ranged Weapons
 - Level 2.4 Dodging
 - Level 1.3 Stealth


You had 2 spell levels left.
You didn't know any spells.
Your spell library contained the following spells:

 Spells                   Type           Power      Damage    Failure   Level
 Scorch                   Fire           0%         2d5       63%         2
 Flame Wave               Conj/Fire      0%         2d4       99%         4
 Summon Cactus Giant      Summ           0%         N/A       100%        6


Dungeon Overview and Level Annotations

Branches:
Dungeon (2/15)

Altars:

Annotations:
D:2 Terence


Innate Abilities, Weirdness & Mutations

You are small and have problems with some larger weapons.
You are completely attuned to the shadows.


Message History

Fire: b) +0 shortbow
Press: ? - help, Q - select action Shift-Dir - straight line, f/p - Terence
Aim: Terence, wielding a +3 heavy mace and wearing a +0 scale mail (moderately wounded, 69% to hit)
You shoot an arrow. The arrow hits the giant cockroach.
The giant cockroach is almost dead.
The giant cockroach misses you.
Fire: b) +0 shortbow
Press: ? - help, Q - select action Shift-Dir - straight line, f/p - Terence
Aim: Terence, wielding a +3 heavy mace and wearing a +0 scale mail (moderately wounded, 69% to hit)
You shoot an arrow. The arrow hits the giant cockroach.
You kill the giant cockroach!
Fire: b) +0 shortbow
Press: ? - help, Q - select action Shift-Dir - straight line, f/p - Terence
Aim: Terence, wielding a +3 heavy mace and wearing a +0 scale mail (moderately wounded, 69% to hit)
You shoot an arrow. The arrow hits Terence.
Terence is heavily wounded.
Terence hits you with a +3 heavy mace.
* * * LOW HITPOINT WARNING * * *
Unknown command.
Fire: b) +0 shortbow
Press: ? - help, Q - select action Shift-Dir - straight line, f/p - Terence
Aim: Terence, wielding a +3 heavy mace and wearing a +0 scale mail (heavily wounded, 69% to hit)
You shoot an arrow. The arrow closely misses Terence.
Terence hits you with a +3 heavy mace.
* * * LOW HITPOINT WARNING * * *
It was a potion of curing.
You feel better.
Fire: b) +0 shortbow
Press: ? - help, Q - select action Shift-Dir - straight line, f/p - Terence
Aim: Terence, wielding a +3 heavy mace and wearing a +0 scale mail (heavily wounded, 69% to hit)
You shoot an arrow. The arrow closely misses Terence.
Terence screams, "I want your blood!" Terence hits you with a +3 heavy mace!
* * * LOW HITPOINT WARNING * * *
Fire: b) +0 shortbow
Press: ? - help, Q - select action Shift-Dir - straight line, f/p - Terence
Aim: Terence, wielding a +3 heavy mace and wearing a +0 scale mail (heavily wounded, 69% to hit)
You shoot an arrow. The arrow closely misses Terence.
Terence hits you with a +3 heavy mace!
Ouch! That really hurt!
You die...

.#.##.#........
...............
.#.##..........#.#...
.#.######### #.#.#.. .
...## #.#.#.#.. .##..
####.#.#.... .....
+........... .##..
####.#@#....
..############.#@#....
............†..#......
...##########..#######
...# ......... ...#
.###...## ...# #...#
#####


You could see Terence.

Vanquished Creatures
  2 dart slugs
  4 endoplasms (D:1)
  3 giant cockroaches
  4 hobgoblins (D:1)
  A quokka (D:1)
  5 ball pythons (D:1)
  A bat (D:1)
  2 frilled lizards (D:1)
  4 goblins (D:1)
  5 kobolds (D:1)
  3 rats
34 creatures vanquished.

Notes
Turn   | Place    | Note
-------+----------+-------------------------------------------
     0 | D:1      | sokol815 the Kobold Hunter began the quest for the Orb.
     0 | D:1      | Reached XP level 1. HP: 12/12 MP: 1/1
    78 | D:1      | Reached XP level 2. HP: 17/17 MP: 2/2
   132 | D:1      | Reached skill level 6 in Ranged Weapons
   166 | D:1      | Reached XP level 3. HP: 13/21 MP: 3/3
   860 | D:2      | Noticed Terence
   871 | D:2      | HP: 1/21 [Terence/+3 heavy mace (4)]
   874 | D:2      | Mangled by Terence

Illustrated notes

Levels and vault maps discovered:
D:1:      noname_arrival_rooms_in_the_neighbourhood, layout_basic,
          minmay_circled_x
D:2:      layout_basic, shapermc_ecumenical_altar_ellora, uniq_terence

Skill      XL: |  1  2 |
---------------+-------+-----
Ranged Weapons | 6 |  6.7
Fighting       | |  2.3
Short Blades   | |  0.5
Dodging        | |  2.4
Stealth        | |  1.3

Action                     || total
---------------------------++-------
   Fire: Shortbow          ||    86
    Use: Potion            ||     1
 Armour: Leather armour    ||     6
  Dodge: Dodged            ||    30
